 Dungeon Crawl Stone Soup version 0.17.0-23-g0de4337 (console) character file.

1159 Kloppie the Covered (level 8, 0/52 HPs)
             Began as a Tengu Fighter on Nov 14, 2015.
             Was an Initiate of Makhleb.
             Slain by a gnoll sergeant
             ... wielding a +0 trident
              (7 damage)
             ... on level 5 of the Dungeon.
             The game lasted 00:12:55 (5466 turns).

Kloppie the Covered (Tengu Fighter)                 Turns: 5466, Time: 00:12:55

Health: 0/52       AC:  7    Str: 20    XL:     8   Next: 39%
Magic:  9/9        EV:  7    Int:  8    God:    Makhleb [......]
Gold:   281        SH:  9    Dex: 13    Spells: 0 memorised, 7 levels left

rFire  . . .     SeeInvis .     a - +0 long sword
rCold  . . .     Clarity  .     b - +0 scale mail
rNeg   . . .     SustAt   .     c - +0 shield
rPois  .         Gourm    .     (helmet restricted)
rElec  .         Spirit   .     (no cloak)
rCorr  .         Warding  .     (no gloves)
rMut   .         Stasis   .     (boots unavailable)
MR     .....                    (no amulet)
Stlth  ..........               (no ring)
                                (no ring)

@: not resistant to hostile enchantments, extremely unstealthy
A: beak, talons 3, able to fly 1
a: Fly, Renounce Religion


You were on level 5 of the Dungeon.
You worshipped Makhleb.
Makhleb was noncommittal.
You were not hungry.

You visited 1 branch of the dungeon, and saw 5 of its levels.
You also visited: Sewer.

You collected 281 gold pieces.

Inventory:

Hand Weapons
 a - a +0 long sword (weapon)
Missiles
 C - 11 poisoned needles
 D - 6 needles of sleeping
Armour
 b - a +0 scale mail (worn)
 c - a +0 shield (worn)
Jewellery
 v - a +4 ring of evasion {unknown}
 E - an uncursed amulet of resist mutation {unknown}
Wands
 F - a wand of flame (24)
Scrolls
 g - 2 scrolls of remove curse {unknown}
 h - 5 scrolls of identify {unknown}
 i - 4 scrolls of immolation {unknown}
 o - 5 scrolls of teleportation {unknown}
 q - a scroll of blinking {unknown}
 s - a scroll of recharging {unknown}
 t - a scroll of enchant weapon {unknown}
 x - a scroll of enchant armour {unknown}
 y - a scroll of fear {unknown}
 z - a scroll of amnesia {unknown}
Potions
 d - 3 potions of might
 f - a potion of cancellation {unknown}
 j - 3 potions of brilliance {unknown}
 k - a potion of magic {unknown}
 l - a potion of beneficial mutation {unknown}
 m - a potion of flight {unknown}
 p - 2 potions of haste {unknown}
 r - 4 potions of heal wounds
 u - a potion of curing {unknown}
 w - a potion of mutation {unknown}
 A - a potion of poison {unknown}
 B - a potion of invisibility {unknown}
Comestibles
 e - 4 bread rations
 n - 2 meat rations


   Skills:
 + Level 6.5 Fighting
 + Level 6.4 Long Blades
 + Level 6.8 Armour
 - Level 3.0 Shields


You had 7 spell levels left.
You didn't know any spells.

Dungeon Overview and Level Annotations

Branches:
Dungeon (5/15)
 Temple: D:4-7

Altars:
Dithmenos
Makhleb
Qazlal
Sif Muna
Xom


Innate Abilities, Weirdness & Mutations

You have a beak for a mouth.
You have claws for feet.
You can fly.


Message History

The gnoll sergeant is heavily wounded.
The gnoll sergeant hits you with a trident!
* * * LOW HITPOINT WARNING * * *
The gnoll sergeant blocks your attack.
Your kick misses the gnoll sergeant.
You peck the gnoll sergeant, but do no damage.
The gnoll sergeant is heavily wounded.
The gnoll sergeant barely misses you.
You barely miss the gnoll sergeant. Your kick misses the gnoll sergeant.
The gnoll sergeant is heavily wounded.
You block the gnoll sergeant's attack.
The gnoll sergeant blocks your attack. x2
The gnoll sergeant is heavily wounded.
The gnoll sergeant hits you with a trident!
* * * LOW HITPOINT WARNING * * *
You hit the gnoll sergeant but do no damage.
The gnoll sergeant blocks your attack.
The gnoll sergeant is heavily wounded.
The gnoll sergeant barely misses you.
The gnoll sergeant hits you from afar with a trident!
You die...

###....# ##.#####..####
# #...## #..# #.##
####..# ##.## ##.#
...##.####..# #..#
##.....#....#####.##
##......##...##..######
##.########..........#
##.## ####.#####.# #..#
#@## #### ##.##
#####..###.# #.##
#.##g#..##.# .##
##...####..## ## #....#
#### # ###..## #.....#
#.....# #......#


You could see a gnoll sergeant.

Vanquished Creatures
  A centaur (D:5)
  2 phantoms (D:5)
  5 big kobolds (Sewer)
  A gnoll sergeant (D:5)
  2 hounds
  2 iguanas (D:4)
  An orc priest (D:3)
  3 worker ants
  14 adders
  A river rat (Sewer)
  6 oozes
  6 worms
  2 giant geckos (D:3)
  12 orcs
  6 bats
  A giant cockroach (D:5)
  3 goblins (D:2)
  7 hobgoblins
  9 kobolds
  A quokka (D:2)
  5 ball pythons
  A giant gecko skeleton (D:4)
  3 giant newts
  11 jackals
  11 rats
116 creatures vanquished.

Vanquished Creatures (others)
  A goblin (D:2)
1 creature vanquished.

Grand Total: 117 creatures vanquished

Notes
Turn   | Place    | Note
--------------------------------------------------------------
     0 | D:1      | Kloppie the Tengu Fighter began the quest for the Orb.
     0 | D:1      | Reached XP level 1. HP: 14/14 MP: 2/2
   174 | D:1      | Reached XP level 2. HP: 19/19 MP: 3/3
   533 | D:2      | Reached XP level 3. HP: 16/23 MP: 4/4
   776 | D:2      | Found a stormy altar of Qazlal.
  1047 | D:2      | Found a shimmering altar of Xom.
  1269 | D:2      | Found a shadowy altar of Dithmenos.
  1329 | D:3      | Reached skill level 4 in Armour
  1329 | D:3      | Reached XP level 4. HP: 26/29 MP: 5/5
  1459 | D:2      | HP: 1/29 [adder (2)]
  1600 | D:3      | Found a deep blue altar of Sif Muna.
  1731 | D:3      | Gained mutation: You can fly. [Tengu growth]
  1731 | D:3      | Reached XP level 5. HP: 27/33 MP: 6/6
  1862 | D:3      | Found a glowing drain.
  1884 | Sewer    | Entered a sewer
  1947 | Sewer    | Reached XP level 6. HP: 22/39 MP: 5/7
  2014 | Sewer    | Reached skill level 5 in Armour
  2049 | Sewer    | Reached skill level 5 in Fighting
  2467 | Sewer    | Reached XP level 7. HP: 41/44 MP: 8/8
  2495 | Sewer    | Reached skill level 5 in Long Blades
  2760 | D:3      | Found a burning altar of Makhleb.
  2768 | D:3      | Became a worshipper of Makhleb the Destroyer
  3239 | D:4      | Reached skill level 6 in Armour
  3553 | D:5      | Entered Level 5 of the Dungeon
  3884 | D:5      | Reached XP level 8. HP: 18/51 MP: 9/9
  5466 | D:5      | Slain by a gnoll sergeant

Action                   |  1- 3 |  4- 6 |  7- 9 || total
-------------------------+-------+-------+-------++-------
Melee: Long sword        |    91 |   203 |   258 ||   552
 Abil: Fly               |       |     3 |       ||     3
  Use: Potion            |       |     1 |     1 ||     2
  Eat: Chunk             |     1 |     4 |    10 ||    15
       Beef jerky        |       |       |     1 ||     1
